 Dungeon Crawl Stone Soup version 0.30-a0-779-g7971cf19c3 (webtiles) character file.

Game seed: 7681717669168870785

133 Pimp the Grave Robber (level 4, 0/32 HPs)
             Began as a Demonspawn Necromancer on Feb 17, 2023.
             Killed by divine providence
             ... invoked by an orc priest
              (13 damage)
             ... on level 4 of the Dungeon.
             The game lasted 00:08:15 (2554 turns).

Pimp the Grave Robber (Demonspawn Necromancer)      Turns: 2554, Time: 00:08:16

Health: 0/32       AC:  5    Str: 16    XL:     4   Next: 93%
Magic:  5/7        EV: 12    Int: 16    God:
Gold:   158        SH:  0    Dex: 14    Spells: 4/8 levels left

rFire   . . .      SeeInvis .    e - +0 mace
rCold   . . .      Faith    .    (no shield)
rNeg    . . .      Spirit   .    a - +1 robe
rPois   .          Reflect  .    (no helmet)
rElec   .          Harm     .    (no cloak)
rCorr   .          Rampage  .    (no gloves)
Will    .....                    (no boots)
Stlth   ++                       o - amulet of magic regeneration
HPRegen 0.25/turn                u - +6 ring of strength
MPRegen 0.50/turn                (no ring)

@: no status effects
A: sharp scales 2
a: no special abilities


You were on level 4 of the Dungeon.
You visited 1 branch of the dungeon, and saw 4 of its levels.

You collected 158 gold pieces.

Inventory:

Hand Weapons
 e - a +0 mace (weapon)
Missiles
 h - 9 poisoned darts
Armour
 a - a +1 robe (worn)
Jewellery
 o - an amulet of magic regeneration (around neck)
 p - an amulet of guardian spirit
 q - an amulet of regeneration
 u - a +6 ring of strength (left hand)
Scrolls
 d - a scroll of enchant armour
 g - 3 scrolls of noise
 i - a scroll of fog
 j - 2 scrolls of fear
 m - 2 scrolls of identify {unknown}
 r - a scroll of magic mapping {unknown}
 s - a scroll of enchant weapon {unknown}
Potions
 b - a potion of magic
 c - a potion of heal wounds {unknown}
 f - 2 potions of curing {unknown}
 k - a potion of resistance {unknown}
 l - a potion of berserk rage {unknown}
 n - 2 potions of degeneration {unknown}
 t - a potion of lignification {unknown}


   Skills:
 + Level 1.0 Fighting
 + Level 2.0 Maces & Flails
 + Level 2.2 Dodging
 + Level 2.3 Stealth
 + Level 0.5 Unarmed Combat
 + Level 2.5 Spellcasting
 + Level 5.1 Necromancy


You had 4 spell levels left.
You knew the following spells:

 Your Spells              Type           Power      Damage    Failure   Level
a - Necrotise             Necr           72%        1d7       2%          1
b - Vampiric Draining     Necr           18%        2d7       7%          3

Your spell library contained the following spells:

 Spells                   Type           Power      Damage    Failure   Level
 Summon Small Mammal      Summ           8%         N/A       21%         1
 Animate Dead             Necr           18%        N/A       24%         4
 Scorch                   Fire           4%         2d5       30%         2
 Call Canine Familiar     Summ           2%         N/A       52%         3
 Summon Guardian Golem    Hex/Summ       2%         N/A       52%         3
 Flame Wave               Conj/Fire      2%         2d4       89%         4
 Agony                    Necr           18%        N/A       54%         5
 Summon Cactus Giant      Summ           1%         N/A       100%        6


Dungeon Overview and Level Annotations

Branches:
Dungeon (4/15)
 Temple: D:4-7

Altars:

Shops:
D:2 [

Annotations:
D:2 Sigmund


Innate Abilities, Weirdness & Mutations

You are mostly covered in razor-sharp scales. (AC +2, Slay +2)


Message History

The orc moves out of view.
An orc and an orc priest come into view.
Found a robe and 7 gold pieces.
The orc shouts!
The orc priest looks braver for a moment.
You closely miss the orc. The orc priest barely misses you.
The orc hits you but does no damage.
You closely miss the orc.
The orc priest invokes the aid of Beogh against you.
Beogh smites you! The orc priest closely misses you.
The orc completely misses you.
The orc hits your orc skeleton with a +0 flail.
The orc priest mumbles some strange prayers to Beogh against you.
Beogh smites you! The orc priest misses you.
The orc hits you but does no damage.
The orc hits your orc skeleton with a +0 flail!
Your orc skeleton is destroyed!
You see here a cyan potion.
Casting: Necrotise (safe; 2% risk of failure)
Confirm with . or Enter, or press ? or * to list all spells.
Aiming: Necrotise (safe; 2% risk of failure)
Press: ? - help, Shift-Dir - straight line, f - orc
Aim: an orc, wielding a +0 hand axe and wearing a +0 scale mail (chance to affect: 88%)
The orc writhes in agony.
The orc hits you but does no damage. The orc priest misses you.
Casting: Necrotise (safe; 2% risk of failure)
Confirm with . or Enter, or press ? or * to list all spells.
Aiming: Necrotise (safe; 2% risk of failure)
Press: ? - help, Shift-Dir - straight line, f/p - orc
Aim: an orc, wielding a +0 hand axe and wearing a +0 scale mail (lightly wounded, chance to affect: 88%)
The orc barely resists.
The orc priest closely misses you.
Casting: Necrotise (safe; 2% risk of failure)
Confirm with . or Enter, or press ? or * to list all spells.
Aiming: Necrotise (safe; 2% risk of failure)
Press: ? - help, Shift-Dir - straight line, f/p - orc
Aim: an orc, wielding a +0 hand axe and wearing a +0 scale mail (lightly wounded, chance to affect: 88%)
The orc barely resists.
The orc hits you but does no damage.
The orc priest mumbles some strange prayers to Beogh against you.
Beogh smites you!
You die...

... ..#.#... . ##.
.###..........$##..
#..###.......#..........
#.............#.........
###.##..........#.........
.........##..#[..........$
.......#.###.####ooo......
.#.....#........#.#.......
###....#..).....@o##..o...
.#..#.............# ......
....###...........# .....
##...##..................#
#...........#.......(....#
##.#.......####...#.......
.#.##.####... #####.....
##.#.... #..#. .....
.....#...#..# ....


You could see 2 orc priests and 2 orcs.

Vanquished Creatures
  An orc wizard (D:2)
  An adder (D:3)
  A worm (D:2)
  2 dart slugs (D:1)
  5 orcs
  5 bats
  4 endoplasms (D:1)
  A giant cockroach (D:2)
  5 goblins
  9 hobgoblins
  3 jackals (D:1)
  8 kobolds
  3 quokkas
  7 ball pythons
  2 frilled lizards
  5 rats
62 creatures vanquished.

Vanquished Creatures (collateral kills)
  An adder (D:2)
  2 worms
3 creatures vanquished.

Grand Total: 65 creatures vanquished

Notes
Turn   | Place    | Note
-------+----------+-------------------------------------------
     0 | D:1      | Pimp the Demonspawn Necromancer began the quest for the
                  | Orb.
     0 | D:1      | Reached XP level 1. HP: 13/13 MP: 3/3
   259 | D:1      | Gained mutation: You are partially covered in razor-sharp
                  | scales. (AC +1, Slay +1) [demonic ancestry]
   259 | D:1      | Reached XP level 2. HP: 15/19 MP: 0/5
   581 | D:1      | You fall into a shaft and drop 1 floor!
   619 | D:1      | Gained mutation: You are mostly covered in razor-sharp
                  | scales. (AC +2, Slay +2) [demonic ancestry]
   619 | D:1      | Reached XP level 3. HP: 17/25 MP: 2/6
  1236 | D:2      | Reached skill level 1 in Maces & Flails
  1374 | D:2      | Reached skill level 5 in Necromancy
  1573 | D:2      | Reached XP level 4. HP: 30/31 MP: 7/7
  1638 | D:2      | Found Cajegrev's Armour Shop.
  1688 | D:2      | Noticed Sigmund
  1755 | D:3      | Learned a level 3 spell: Vampiric Draining
  1928 | D:2      | Reached skill level 1 in Fighting
  2062 | D:3      | Found a faded altar of an unknown god.
  2554 | D:4      | Killed from afar by an orc priest

Illustrated notes

Levels and vault maps discovered:
D:1:      dpeg_arrival_pits, layout_basic, nrook_mini_vaults,
          hangedman_decor_slide_cut
D:2:      cheibrodos_helix_gallery, layout_basic, serial_shops,
          nicolae_lakefront_shop, amcnicky_mini_pool_small,
          uniq_crazy_yiuf_cottage, uniq_sigmund
D:3:      layout_basic, ebering_ecumenical_altar_abandoned,
          grunt_decor_junction, minmay_misc_feat_tiny
D:4:      layout_cave_pools, serial_shops, nicolae_shop_advertising_works
          [nicolae_subvault_shop_adworks], minmay_vboxes

Skill      XL: |  1  2  3  4 |
---------------+-------------+-----
Stealth        | 2 |  2.3
Maces & Flails | 1 2 |  2.0
Necromancy     | 5 |  5.1
Dodging        | 2 |  2.2
Fighting       | 1 |  1.0
Unarmed Combat | |  0.5
Spellcasting   | |  2.5

Action                     |  1- 3 |  4- 6 || total
---------------------------+-------+-------++-------
  Melee: Unarmed           |     9 |       ||     9
         Mace              |    88 |    58 ||   146
   Cast: Necrotise         |    22 |    14 ||    36
         Vampiric Draining |       |     1 ||     1
    Use: Scroll            |       |     5 ||     5
   Stab: Sleeping          |     7 |     4 ||    11
         Distracted        |       |     1 ||     1
 Armour: Robe              |    25 |    38 ||    63
  Dodge: Dodged            |    73 |    62 ||   135

Table legend: (Time is in decaauts)
 A = Elapsed time spent in this place.
 B = Non-inter-level travel time spent in this place.
 C = Inter-level travel time spent in this place.
 D = Time resting spent in this place.
 E = Time spent auto-exploring this place.
 F = Levels seen in this place.
 G = Mean time per level.
                   A        B        C        D        E       F      G
               +--------+--------+--------+--------+--------+-----+--------+
         Total |   2605 |   2568 |     37 |    315 |   1458 |   4 |  651.2 |
       Dungeon |   2605 |   2568 |     37 |    315 |   1458 |   4 |  651.2 |
               +--------+--------+--------+--------+--------+-----+--------+

Top non-repeatable levels by time:
     D:1: 1273 daAuts
     D:3: 699 daAuts
     D:2: 579 daAuts
     D:4: 52 daAuts
